 Dungeon Sprint DCSS version 0.31-a0-1-g4198be8af4 (webtiles) character file.

Game seed: 6599482558901253735

597 123456 the Fighter (level 7, -1/111 HPs)
             Began as a Minotaur Fighter on May 1, 2023.
             Was an Initiate of Gozag.
             Succumbed to Sonja's curare-tipped dart
             ... in the Dungeon (Sprint I: "Red Sonja").
             The game lasted 00:01:05 (429 turns).

123456 the Fighter (Minotaur Fighter)                Turns: 429, Time: 00:01:05

Health: -1/111     AC:  8    Str: 23    XL:     7   Next: 17%
Magic:  6/6        EV: 11    Int:  5    God:    Gozag
Gold:   258        SH:  6    Dex:  9    Spells: 6/6 levels left

rFire   . . .        a - +0 flail
rCold   . . .        k - +2 buckler {reflect}
rNeg    . . .        b - +0 scale mail
rPois   .            (helmet restricted)
rElec   .            (no cloak)
rCorr   .            (no gloves)
SInv    .            (no boots)
Will    .....        (no amulet) Stlth
                     (no ring)
HPRegen 0.38/turn    (no ring)
MPRegen 0.10/turn

%: no teleportation, reflection
@: mighty, berserking, lethally poisoned (-1 -> -23), slowed
A: horns 2, retaliatory headbutt
a: Renounce Religion, Potion Petition, Call Merchant, Bribe Branch


You were in the Dungeon.
You worshipped Gozag.
Gozag was aware of your devotion.
You visited 1 branch You collected 297 gold pieces.
You spent 39 gold pieces at shops.

Inventory:

Hand Weapons
 a - a +0 flail (weapon)
Armour
 b - a +0 scale mail (worn)
 c - a +0 buckler
 k - a +2 buckler of reflection (worn)
Scrolls
 j - a scroll of blinking
Potions
 e - a potion of curing
 g - a potion of haste
 h - 2 potions of magic


   Skills:
 * Level 11.3 Fighting
 * Level 11.0 Maces & Flails
 + Level 8.4 Armour
 + Level 6.8 Dodging
 - Level 3.6 Shields


You had 6 spell levels left.
You didn't know any spells.
Your spell library was empty.

Dungeon Overview and Level Annotations

Branches:
Dungeon (1/1)

Altars:
Cheibriados
Dithmenos
Elyvilon
Fedhas
Gozag
Hepliaklqana
Kikubaaqudgha
Makhleb
Nemelex Xobeh
Okawaru
Qazlal
Ru
Sif Muna
Trog
Uskayaw
Vehumet
Wu Jian
Xom
Yredelemnul
Zin
The Shining One
Jiyva
Lugonu

Shops:
D *

Annotations:
D Sonja


Innate Abilities, Weirdness & Mutations

You have a pair of horns on your head.
You reflexively headbutt those who attack you in melee.


Message History

You feel better. Sonja hits you but does no damage.
You are poisoned.
You block Sonja's attack. x3
Sonja hits you with a +0 dagger of venom. x2
You are more poisoned.
You closely miss Sonja.
You feel very sick. Sonja closely misses you. Sonja barely misses you.
Sonja hits you but does no damage.
You are more poisoned.
Sonja hits you with a +0 dagger of venom.
* * * LOW HITPOINT WARNING * * *
You are more poisoned.
Sonja misses you. Sonja hits you but does no damage.
You are more poisoned.
You feel much better.
You feel extremely sick.
Sonja gestures wildly while chanting.
Sonja blinks!
Sonja throws a curare-tipped dart.
The curare-tipped dart misses you.
You feel very mighty all of a sudden.
* * * LOW HITPOINT WARNING * * *
You feel extremely sick.
A red film seems to cover your vision as you go berserk!
You feel yourself moving faster!
You feel mighty!
* * * LOW HITPOINT WARNING * * *
You feel extremely sick.
Sonja throws a curare-tipped dart.
The curare-tipped dart hits you.
You are lethally poisoned!
You have difficulty breathing.
* * * LOW HITPOINT WARNING * * *
You feel as though you will be slow longer.
Sonja throws a curare-tipped dart.
The curare-tipped dart closely misses you.
You feel a strong urge to attack something.
* * * LOW HITPOINT WARNING * * *
You feel very sick.
You barely miss Sonja. Your headbutt misses Sonja.
You die...
Your body crumbles into a pile of gold.

#..').#..').#..'..+$$
#..#####'#####'#__#
#..####..#...#(####$$
#..#__####..##)# $$
#..#_____##'#_.+
#⌠⌠#_.∩...†..._# $$
####_..__##_.#'#
$$#_____###K#.# $ $
#########@### $
+$.$+$$ $$ #$.$# $
##.## $#+#$ $ $ $ $ $
$ $$$ $


You could see Sonja.

Vanquished Creatures
  A slime creature (D)
  Sigmund (D)
  A yak (D)
  An ogre (D)
  A jelly (D)
  Ijyb (D)
6 creatures vanquished.

Notes
Turn   | Place    | Note
-------+----------+-------------------------------------------
     0 | D        | 123456 the Minotaur Fighter began the quest for the Orb.
     0 | D        | Reached XP level 1. HP: 19/19 MP: 0/0
     1 | D        | Noticed Ijyb
     6 | D        | Paralysed by Ijyb for 3 turns
    10 | D        | Paralysed by Ijyb for 2 turns
    17 | D        | Paralysed by Ijyb for 4 turns
    32 | D        | Killed Ijyb
    33 | D        | Reached skill level 5 in Fighting
    33 | D        | Reached XP level 2. HP: 4/29 MP: 1/1
   137 | D        | Noticed an ogre
   141 | D        | Killed an ogre
   142 | D        | Reached skill level 5 in Armour
   142 | D        | Reached XP level 3. HP: 39/39 MP: 2/2
   142 | D        | Reached XP level 4. HP: 47/47 MP: 3/3
   151 | D        | Noticed Sigmund
   158 | D        | Killed Sigmund
   159 | D        | Reached skill level 5 in Dodging
   159 | D        | Reached XP level 5. HP: 56/57 MP: 4/4
   169 | D        | Found a burning altar of Makhleb.
   169 | D        | Found a viscous altar of Jiyva.
   169 | D        | Found a shimmering altar of Xom.
   169 | D        | Found a corrupted altar of Lugonu.
   169 | D        | Noticed a slime creature
   175 | D        | Killed a slime creature
   176 | D        | Reached skill level 10 in Fighting
   176 | D        | Reached skill level 10 in Maces & Flails
   176 | D        | Reached XP level 6. HP: 56/67 MP: 5/5
   213 | D        | Found an ornate altar of the Wu Jian Council.
   213 | D        | Found a shimmering blue altar of Sif Muna.
   215 | D        | Found a radiant altar of Vehumet.
   268 | D        | Found Nyisch's General Store.
   268 | D        | Found an ancient bone altar of Kikubaaqudgha.
   268 | D        | Found a hazy altar of Hepliaklqana.
   268 | D        | Found a stormy altar of Qazlal.
   268 | D        | Found a hide-covered altar of Uskayaw.
   268 | D        | Found a blossoming altar of Fedhas.
   268 | D        | Found a bloodstained altar of Trog.
   268 | D        | Found an iron altar of Okawaru.
   268 | D        | Found a basalt altar of Yredelemnul.
   268 | D        | Found a glowing golden altar of the Shining One.
   268 | D        | Found a snail-covered altar of Cheibriados.
   268 | D        | Found a sacrificial altar of Ru.
   268 | D        | Found a glowing silver altar of Zin.
   268 | D        | Found a shadowy altar of Dithmenos.
   268 | D        | Found a white marble altar of Elyvilon.
   268 | D        | Noticed a yak
   274 | D        | Killed a yak
   275 | D        | Reached XP level 7. HP: 40/74 MP: 6/6
   380 | D        | Found an opulent altar of Gozag.
   381 | D        | Found a sparkling altar of Nemelex Xobeh.
   386 | D        | Became a worshipper of Gozag Ym Sagoz the Greedy
   389 | D        | Bought a potion of curing for 39 gold pieces
   414 | D        | Noticed Sonja
   428 | D        | HP: 2/111 [poisoned by Sonja (curare-tipped dart)]
   429 | D        | Succumbed to Sonja's curare-tipped dart

Illustrated notes

Levels and vault maps discovered:
D:        dungeon_sprint_1 [red_sonja_temple_1, red_sonja_temple_small_1]

Skill      XL: |  1  2  3  4  5  6 |
---------------+-------------------+-----
Fighting       | 5 7 9 10 11 | 11.3
Maces & Flails | 4 6 8 10 11 | 11.0
Armour         | 4 5 7 8 |  8.4
Dodging        | 2 3 5 6 |  6.8
Shields        | |  3.6

Action                     |  1- 3 |  4- 6 |  7- 9 || total
---------------------------+-------+-------+-------++-------
  Melee: Flail             |    28 |    19 |     3 ||    50
         Headbutt          |     7 |     8 |       ||    15
    Use: Potion            |       |       |     4 ||     4
 Armour: Scale mail        |    12 |     2 |     6 ||    20
  Dodge: Dodged            |     6 |     3 |    10 ||    19
  Block: Buckler           |     3 |     6 |     8 ||    17
         Reflection        |       |       |     3 ||     3

Table legend: (Time is in decaauts)
 A = Elapsed time spent in this place.
 B = Non-inter-level travel time spent in this place.
 C = Inter-level travel time spent in this place.
 D = Time resting spent in this place.
 E = Time spent auto-exploring this place.
 F = Levels seen in this place.
 G = Mean time per level.
                   A        B        C        D        E       F      G
               +--------+--------+--------+--------+--------+-----+--------+
         Total |    442 |    442 |      0 |    265 |      1 |   1 |  442.0 |
       Dungeon |    442 |    442 |      0 |    265 |      1 |   1 |  442.0 |
               +--------+--------+--------+--------+--------+-----+--------+

Top non-repeatable levels by time:
       D: 442 daAuts
